 Dungeon Crawl Stone Soup version 0.27.1-4-g1640c2035a (webtiles) character file.

Game seed: 320513049228091033

102 tizbic2 the Skirmisher (level 4, -5/40 HPs)
             Began as a Draconian Monk on Nov 13, 2021.
             Slain by an orc priest (7 damage)
             ... on level 2 of the Dungeon.
             The game lasted 00:12:08 (1734 turns).

tizbic2 the Skirmisher (Draconian Monk)             Turns: 1734, Time: 00:12:09

Health: -5/40      AC:  5    Str: 13    XL:     4   Next: 50%
Magic:  4/4        EV: 13    Int: 11    God:
Gold:   20         SH:  0    Dex: 14    Spells: 0/3 levels left

rFire    + . .     SeeInvis .   w - +1 short sword (vamp)
rCold    + . .     Faith    .   (no shield)
rNeg     . . .     Spirit   .   (armour unavailable)
rPois    +         Reflect  .   (helmet restricted)
rElec    +         Harm     .   (no cloak)
rCorr    +         Rampage  .   (no gloves)
Will     .....                  (no boots)
Stlth    ++........             b - amulet of the acrobat
HPRegen  0.13/turn              (no ring)
MPRegen  0.09/turn              (no ring)

@: resistant
A: AC +5, unfitting armour, cold-blooded
a: no special abilities


You were on level 2 of the Dungeon.
You visited 1 branch of the dungeon, and saw 3 of its levels.

You collected 20 gold pieces.

Inventory:

Hand Weapons
 e - a +2 dagger of speed
 l - a +0 falchion
 w - a +1 vampiric short sword (weapon)
Missiles
 a - 3 datura-tipped darts
 d - 6 stones (quivered)
 h - 6 boomerangs
Jewellery
 b - an amulet of the acrobat (around neck)
Potions
 c - a potion of resistance
 f - a potion of curing {unknown}
 i - a potion of ambrosia {unknown}
 k - a potion of magic


   Skills:
 + Level 3.7 Fighting
 * Level 1.7(1.8) Short Blades
 * Level 0.2(1.1) Long Blades
 - Level 3.4 Axes
 * Level 3.6 Dodging
 + Level 2.0 Stealth
 * Level 0.2 Necromancy


You couldn't memorise any spells.
You knew the following spells:

 Your Spells              Type           Power      Damage    Failure   Level
a - Vampiric Draining     Necr           0%         2d6       69%         3

Your spell library contained the following spells:

 Spells                   Type           Power      Damage    Failure   Level
 Animate Skeleton         Necr           0%         N/A       32%         1
 Pain                     Necr           0%         1d4       32%         1


Dungeon Overview and Level Annotations

Branches:
Dungeon (3/15)

Altars:
Makhleb


Innate Abilities, Weirdness & Mutations

Your plain brown scales are hard. (AC +5)
You cannot fit into any form of body armour.
You are cold-blooded and may be slowed by cold attacks.


Message History

The orc is heavily wounded.
The orc closely misses you.
You hit the orc.
You kill the orc!
The orc priest calls down the wrath of Beogh upon you.
Beogh smites you!
You barely miss the orc. You hit the orc.
The orc is lightly wounded.
You hit the orc but do no damage.
The orc is lightly wounded.
The orc closely misses you.
The orc priest calls down the wrath of Beogh upon you.
Beogh smites you!
* * * LOW HITPOINT WARNING * * *
You feel a sense of dread.
w - a +1 vampiric short sword (weapon)
You hit the orc priest.
You feel better.
The orc priest is moderately wounded.
The orc closely misses you.
The orc priest hits you but does no damage.
You closely miss the orc priest.
Your tail-slap misses the orc priest.
The orc priest is moderately wounded.
The orc misses you.
The orc priest calls upon Beogh to heal the orc.
The orc's wounds heal themselves!
You closely miss the orc priest.
The orc priest is moderately wounded.
The orc closely misses you. The orc priest completely misses you.
You hit the orc priest but do no damage.
The orc priest is moderately wounded.
The orc hits you but does no damage.
The orc priest invokes the aid of Beogh against you.
Beogh smites you!
* * * LOW HITPOINT WARNING * * *
It was a potion of resistance.
You feel protected. The orc closely misses you.
The orc priest hits you with a +0 war axe!
You die...

#########..........#.....###.#.
.....#.........._........<.#.#.
##.....#............)##..###.#.#.
.................)..)).......#...
##.....#............#############
#......#.........................
.......#.....[>..###......[.#####
#......#####.###o###.............
#......# #.#..@o.............##
#......# #.#......#..........#.
#...#.## #.#......#..........#.
..###.######[#......#.....#.####.
.............#......#.....#.# #.
............>#............#.####.
........)....########.....#......
............###...........#####..
##..........# #.#####.....# #..


You could see an orc priest and an orc.

Vanquished Creatures
  An orc wizard (D:2)
  Terence (D:2)
  A dart slug (D:1)
  4 orcs (D:2)
  5 endoplasms
  2 giant cockroaches (D:1)
  5 goblins
  3 hobgoblins
  2 jackals (D:1)
  3 quokkas
  3 ball pythons
  2 bats (D:2)
  2 frilled lizards (D:1)
  4 kobolds
  5 rats
43 creatures vanquished.

Notes
Turn   | Place    | Note
-------+----------+-------------------------------------------
     0 | D:1      | tizbic2 the Draconian Monk began the quest for the Orb.
     0 | D:1      | Reached XP level 1. HP: 19/19 MP: 1/1
   196 | D:1      | Reached XP level 2. HP: 25/26 MP: 2/2
   533 | D:1      | Found a faded altar of an unknown god.
   752 | D:1      | Reached XP level 3. HP: 30/31 MP: 3/3
  1029 | D:2      | Found a burning altar of Makhleb.
  1094 | D:2      | Noticed Terence
  1116 | D:2      | Killed Terence
  1117 | D:2      | Reached skill level 1 in Short Blades
  1117 | D:2      | Reached XP level 4. HP: 24/40 MP: 4/4
  1284 | D:2      | Learned a level 3 spell: Vampiric Draining
  1733 | D:2      | HP: 2/40 [orc priest/divine providence (12)]
  1734 | D:2      | Slain by an orc priest

Illustrated notes

Levels and vault maps discovered:
D:1:      amcnicky_arrival_underground_garden, layout_basic, serial_rivers,
          chequers_serial_rivers_micro_d, chequers_serial_rivers_large_a,
          chequers_serial_rivers_micro_d, chequers_serial_rivers_micro_c,
          chequers_serial_rivers_micro_c, chequers_serial_rivers_micro_c,
          hellmonk_ecumenical_altar_slurped_away, minmay_indecisive_spiral
D:2:      layout_basic, basic_altar, amcnicky_mini_pool_small, uniq_terence
D:3:      layout_basic, lemuel_round_altar, uniq_jessica

Skill      XL: |  1  2  3 |
---------------+----------+-----
Dodging        | 3 |  3.6
Short Blades   | 1 |  1.7
Stealth        | 2 |  2.0
Fighting       | |  3.7
Long Blades    | |  0.2
Axes           | |  3.4
Necromancy     | |  0.2

Action                   |  1- 3 |  4- 6 || total
-------------------------+-------+-------++-------
Melee: Short sword       |    46 |    23 ||    69
       Hand axe          |     8 |       ||     8
       Tailslap          |     9 |     5 ||    14
       Dagger            |    62 |    17 ||    79
       Falchion          |       |     5 ||     5
  Use: Scroll            |     1 |     5 ||     6
       Potion            |       |     1 ||     1
 Stab: Sleeping          |     3 |       ||     3
Armor: Skin              |    10 |    12 ||    22
Dodge: Dodged            |    83 |    42 ||   125
